 Dungeon Crawl Stone Soup version 0.30.1-11-g7821555f0a (webtiles) character file.

Game seed: 13396092715411523877

13634 SacredBeard the Markself (level 11, -12/51 HPs)
             Began as a Deep Elf Hexslinger on Nov 2, 2023.
             Was a Follower of Hepliaklqana.
             Mangled by a boulder beetle (21 damage)
             ... on level 11 of the Dungeon.
             The game lasted 01:19:36 (16502 turns).

SacredBeard the Markself (Deep Elf Hexslinger)     Turns: 16502, Time: 01:19:36

Health: -12/51     AC:  8    Str:  7    XL:     11   Next: 78%
Magic:  27/27      EV: 19    Int: 25    God:    Hepliaklqana [*.....]
Gold:   430        SH:  0    Dex: 27    Spells: 16/30 levels left

rFire   + . .        M - +0 shortbow
rCold   . . .        (shield currently unavailable)
rNeg    . . .        t - +0 steam dragon scales
rPois   .            m - -1 helmet "Pifusos" {rF+ Dex+2 SInv}
rElec   .            R - scarf {repulsion}
rCorr   .            k - +1 pair of gloves {infuse}
SInv    +            V - +0 pair of boots
Will    +....        (no amulet)
Stlth   ++           B - +6 ring of intelligence
HPRegen 0.28/turn    L - +6 ring of dexterity
MPRegen 0.20/turn

%: repel missiles, infuse magic (1 MP)
@: about to teleport
A: reduced essence
a: Renounce Religion, Recall Ancestor, Ancestor Identity


You were on level 11 of the Dungeon.
You worshipped Hepliaklqana.
Hepliaklqana was aware of your devotion.
You visited 2 branches of the dungeon, and saw 13 of its levels.
You also visited: Sewer.

You collected 520 gold pieces.
You spent 90 gold pieces at shops.

Inventory:

Hand Weapons
 a - a +1 sling
 M - a +0 shortbow (weapon)
Armour
 k - a +1 pair of gloves of infusion (worn)
 m - the -1 helmet "Pifusos" (worn) {rF+ Dex+2 SInv}
   (You took it off Robin on level 2 of the Dungeon)

   Dex:       It affects your dexterity (+2).
   rF:        It protects you from fire.
   SInv:      It lets you see invisible.
 t - +0 steam dragon scales (worn)
 y - a +0 cloak
 R - a scarf of repulsion (worn)
 U - a +2 scale mail of poison resistance
 V - a +0 pair of boots (worn)
 X - a +0 ring mail of positive energy
Magical Staves
 c - a staff of cold
Jewellery
 h - a ring of ice
 n - a ring of ice
 B - a +6 ring of intelligence (left hand)
 D - a ring of positive energy
 L - a +6 ring of dexterity (right hand)
 Q - a ring of resist corrosion
 T - a ring of see invisible
Wands
 p - a wand of charming (8)
 H - a wand of iceblast (18)
 K - a wand of polymorph (9)
 S - a wand of flame (4)
Scrolls
 b - 2 scrolls of poison
 d - 2 scrolls of teleportation
 e - a scroll of acquirement {unknown}
 f - 2 scrolls of amnesia {unknown}
 g - 2 scrolls of vulnerability {unknown}
 i - 2 scrolls of immolation {unknown}
 j - 4 scrolls of blinking {unknown}
 l - 3 scrolls of enchant armour {unknown}
 o - 4 scrolls of fog {unknown}
 r - 2 scrolls of torment {unknown}
 s - 2 scrolls of noise {unknown}
 x - 3 scrolls of fear {unknown}
 C - a scroll of magic mapping {unknown}
 N - a scroll of butterflies {unknown}
 P - 2 scrolls of enchant weapon {unknown}
 W - a scroll of identify
Potions
 q - a potion of magic
 u - 4 potions of curing
 v - 4 potions of flight
 w - 2 potions of heal wounds
 z - a potion of brilliance
 A - 3 potions of haste
 E - a potion of degeneration
 F - a potion of invisibility
 G - 2 potions of attraction
 I - a potion of might
 J - 2 potions of lignification {unknown}
 O - a potion of ambrosia


   Skills:
 - Level 2.0 Fighting
 - Level 18.0 Ranged Weapons
 - Level 2.0 Armour
 + Level 7.4 Dodging
 + Level 10.1 Spellcasting
 + Level 10.1 Hexes
 - Level 4.0 Evocations


You had 16 spell levels left.
You knew the following spells:

 Your Spells              Type           Power      Damage    Failure   Level
a - Slow                  Hex            100%       N/A       1%          1
b - Inner Flame           Hex/Fire       38%        N/A       1%          3
c - Portal Projectile     Hex/Tloc       76%        N/A       1%          3
d - Tukima's Dance        Hex            59%        N/A       1%          3
e - Cause Fear            Hex            29%        N/A       1%          4

Your spell library contained the following spells:

 Spells                   Type           Power      Damage    Failure   Level
 Magic Dart               Conj           48%        1d5       4%          1
 Shock                    Conj/Air       48%        1d6       4%          1
 Fulminant Prism          Conj/Hex       19%        3d11      6%          4
 Leda's Liquefaction      Hex/Erth       19%        N/A       6%          4
 Cigotuvi's Dreadful Rot  Necr/Pois/Air  24%        N/A       8%          2
 Searing Ray              Conj           24%        2d5       8%          2
 Call Canine Familiar     Summ           12%        N/A       14%         3
 Ozocubu's Armour         Ice            12%        N/A       14%         3
 Swiftness                Air            12%        N/A       14%         3
 Metabolic Englaciation   Hex/Ice        19%        N/A       17%         5
 Airstrike                Air            6%         2d(1-17)  43%         4
 Dispel Undead            Necr           12%        3d9       43%         4
 Olgreb's Toxic Radiance  Pois           12%        N/A       43%         4
 Blade Hands              Tmut           6%         N/A       80%         5
 Discord                  Hex            29%        N/A       99%         8
 Death Channel            Necr           6%         N/A       100%        6
 Simulacrum               Ice/Necr       6%         N/A       100%        6
 Ignition                 Fire           6%         3d4       100%        8


Dungeon Overview and Level Annotations

Branches:
Dungeon (12/15) Zot: 26545  Temple (1/1) D:7 Zot: 5765    Lair (0/5) D:11
    Orc (0/2) D:11          Sewer (visited)

Altars:
Ashenzari
Cheibriados
Dithmenos
Elyvilon
Fedhas
Gozag
Hepliaklqana
Kikubaaqudgha
Makhleb
Nemelex Xobeh
Okawaru
Qazlal
Ru
Sif Muna
Trog
Uskayaw
Vehumet
Wu Jian
Xom
Yredelemnul
Zin
The Shining One

Shops:
D:2 (   D:4 [

Annotations:
D:2 1 runed translucent door, Crazy Yiuf
D:11 1 runed translucent door, Snorg


Message History

You shoot an arrow. Celestine avoids your attack.
The arrow hits the cyclops!
Flame seeps out of the cyclops.
The cyclops is heavily wounded.
Celestine barely misses the cyclops.
The cyclops is engulfed in blazing flames.
The cyclops explodes!
Celestine avoids your attack. The fiery explosion engulfs you! You resist.
You hear a horrible gurgling sound!
You hear a shout!
Your Spellcasting skill increases to level 10!
Ancestor HP restored.
HP restored.
Things that are here:
a +0 scale mail; a +0 trident You now have 430 gold pieces (gained 21).
You swap places.
There is a shaft here.
Snorg shouts!
The boulder beetle leaps!
Celestine hits the boulder beetle but does no damage.
The boulder beetle curls into a ball and begins rolling!
Celestine barely misses the boulder beetle.
Celestine hits the boulder beetle but does no damage.
Snorg draws her long claws delicately across her gut.
The boulder beetle attacks as you move away!
The boulder beetle misses you.
The boulder beetle stops rolling and uncurls.
The boulder beetle curls into a ball and begins rolling!
Celestine barely misses Snorg.
There is a stone staircase leading down here.
You can't go up here!
The boulder beetle hits you!!!
Ouch! That really hurt!
* * * LOW HITPOINT WARNING * * *
The boulder beetle stops rolling and uncurls.
Snorg pats her sizable gut.
Something hits Celestine!!!
Celestine is destroyed!
As you read the scroll of teleportation, it crumbles to dust.
You feel strangely unstable. The boulder beetle bites you!!
You die...

............#..###.##############
##........T....# #.#
#.......R~#...# #.#
######.#...#...# #.# .#
#......#...# #.# .# #........#.#
#.# .# #.....##T..###.#
#.....###...##.###### #.....#
##°B@.......#
#.....####'########.#
##...##......## #... #.......#
#....$..# ##......# #......#
#[.....# #......#


You could see Snorg and a boulder beetle.

Vanquished Creatures
  2 cyclopes (D:11)
  Maurice (D:11)
  An unseen horror (D:9)
  A rime drake (D:11)
  2 trolls
  A polar bear (D:11)
  A shadow (D:11)
  A wyvern (D:9)
  21 yaks
  A vampire (D:11)
  3 steam dragons
  6 vampire mosquitoes
  Menkaure (D:7)
  2 acid dragons (D:11)
  A water moccasin (D:6)
  7 orc warriors
  4 ice beasts
  2 wolves
  3 centaurs
  An ogre (D:11)
  2 phantoms (D:5)
  6 kobold brigands
  A bullfrog (D:7)
  8 gnoll sergeants
  2 scorpions
  5 wights (D:7)
  15 killer bees
  5 electric eels (D:9)
  3 howler monkeys
  6 hounds
  A jelly (D:5)
  4 orc priests
  5 iguanas
  13 orc wizards
  Robin (D:2)
  17 gnolls
  8 adders
  A river rat (Sewer)
  7 worms
  4 dart slugs
  31 orcs
  8 endoplasms
  3 giant cockroaches
  16 goblins
  6 hobgoblins
  4 jackals (Sewer)
  2 quokkas
  9 ball pythons
  5 bats
  4 frilled lizards (D:1)
  18 kobolds
  10 rats
292 creatures vanquished.

Vanquished Creatures (collateral kills)
  An unseen horror (D:10)
  A troll (D:11)
  A shadow (D:8)
  2 yaks (D:10)
  A water moccasin (D:9)
  An ogre (D:11)
  A gnoll (D:11)
8 creatures vanquished.

Vanquished Creatures (others)
  10 ancestors
10 creatures vanquished.

Grand Total: 310 creatures vanquished

Notes
Turn   | Place    | Note
-------+----------+-------------------------------------------
     0 | D:1      | SacredBeard the Deep Elf Hexslinger began the quest for the
                  | Orb.
     0 | D:1      | Reached XP level 1. HP: 11/11 MP: 5/5
   126 | D:1      | Reached skill level 3 in Ranged Weapons
   197 | D:1      | Reached XP level 2. HP: 12/16 MP: 6/6
   276 | D:1      | Reached skill level 1 in Fighting
   361 | D:1      | Found a faded altar of an unknown god.
   774 | D:2      | Reached XP level 3. HP: 12/20 MP: 8/8
   874 | D:2      | Noticed a scorpion
   899 | D:1      | Learned a level 3 spell: Inner Flame
   990 | D:2      | Reached skill level 1 in Armour
  1005 | D:2      | Found Qootaul's Weapon Boutique.
  1096 | D:2      | Found a runed translucent door.
  1097 | D:2      | Noticed Crazy Yiuf
  1161 | D:2      | Reached XP level 4. HP: 5/25 MP: 9/9
  1321 | D:1      | Learned a level 3 spell: Portal Projectile
  1522 | D:2      | Reached skill level 4 in Ranged Weapons
  1651 | D:2      | Identified the -1 helmet "Pifusos" {rF+ Dex+2 SInv}
  1651 | D:2      | Noticed Robin
  1767 | D:2      | Killed Robin
  1877 | D:2      | Found an iron altar of Okawaru.
  2220 | D:2      | Killed a scorpion
  2221 | D:2      | Reached XP level 5. HP: 29/29 MP: 7/11
  2653 | D:2      | Reached skill level 5 in Ranged Weapons
  2653 | D:2      | Reached skill level 5 in Hexes
  3650 | D:3      | Found a hide-covered altar of Uskayaw.
  3662 | D:3      | Reached XP level 6. HP: 23/34 MP: 13/13
  4211 | D:4      | Found a glowing drain.
  4228 | Sewer    | Entered a sewer
  4309 | Sewer    | Reached skill level 1 in Evocations
  4341 | Sewer    | Reached skill level 6 in Ranged Weapons
  4434 | Sewer    | Found a white marble altar of Elyvilon.
  4541 | D:4      | Found Vin Zune's Armour Shoppe.
  4635 | D:4      | Found a white marble altar of Elyvilon.
  4703 | D:4      | Found an ancient bone altar of Kikubaaqudgha.
  4762 | D:4      | Reached XP level 7. HP: 37/38 MP: 15/15
  5016 | D:5      | Entered Level 5 of the Dungeon
  5016 | D:5      | Found a broken altar of Ashenzari.
  5343 | D:5      | Reached skill level 7 in Ranged Weapons
  5369 | D:5      | Reached skill level 5 in Spellcasting
  5708 | D:5      | Found an iron altar of Okawaru.
  5750 | D:5      | Reached skill level 8 in Ranged Weapons
  6336 | D:6      | Noticed a steam dragon
  6344 | D:6      | Killed a steam dragon
  6345 | D:6      | Reached XP level 8. HP: 43/43 MP: 13/18
  6477 | D:6      | Reached skill level 9 in Ranged Weapons
  6591 | D:6      | Reached skill level 10 in Ranged Weapons
  7282 | D:5      | Reached skill level 11 in Ranged Weapons
  7660 | D:6      | Reached skill level 12 in Ranged Weapons
  8029 | D:7      | Found a glowing golden altar of the Shining One.
  8034 | D:7      | Noticed Menkaure
  8136 | D:7      | Found a basalt altar of Yredelemnul.
  8193 | D:7      | Reached XP level 9. HP: 47/47 MP: 15/20
  8424 | D:7      | Found a staircase to the Ecumenical Temple.
  8436 | Temple   | Entered the Ecumenical Temple
  8449 | Temple   | Became a worshipper of Hepliaklqana the Forgotten
  8720 | D:7      | Reached skill level 13 in Ranged Weapons
  8962 | D:7      | Killed Menkaure
  9360 | D:7      | Reached skill level 14 in Ranged Weapons
  9536 | D:8      | Learned a level 3 spell: Tukima's Dance
  9541 | D:8      | Learned a level 4 spell: Cause Fear
  9954 | D:8      | Reached skill level 15 in Ranged Weapons
  9959 | D:8      | Reached skill level 16 in Ranged Weapons
 10424 | D:8      | Reached XP level 10. HP: 28/52 MP: 13/21
 11420 | D:9      | Reached * piety under Hepliaklqana
 12154 | D:9      | Reached skill level 5 in Dodging
 12267 | D:9      | HP: 2/46 [electric eel/bolt of electricity (10)]
 13177 | D:10     | Entered Level 10 of the Dungeon
 13183 | D:10     | Reached skill level 17 in Ranged Weapons
 13597 | D:10     | Found Zin's Purification Station.
 13598 | D:10     | Found a glowing silver altar of Zin.
 13605 | D:10     | Bought a potion of curing for 90 gold pieces
 13675 | D:10     | Reached XP level 11. HP: 50/50 MP: 14/25
 14417 | D:11     | Reached skill level 18 in Ranged Weapons
 14789 | D:11     | Found a staircase to the Lair.
 14845 | D:11     | Noticed Maurice
 14852 | D:11     | Killed Maurice
 15563 | D:11     | Noticed Snorg
 16133 | D:11     | Found a runed translucent door.
 16144 | D:11     | Found a staircase to the Orcish Mines.
 16261 | D:11     | Noticed a boulder beetle
 16262 | D:11     | Noticed a boulder beetle
 16355 | D:11     | Reached skill level 10 in Hexes
 16366 | D:11     | Noticed a red ugly thing
 16376 | D:11     | Reached skill level 10 in Spellcasting
 16502 | D:11     | Mangled by a boulder beetle

Illustrated notes

Levels and vault maps discovered:
D:1:      minmay_arrival_up_and_down, layout_loops_ring,
          hellmonk_ecumenical_altar_lost_god
D:2:      layout_loops_ring, basic_altar, serial_shops, shop,
          uniq_crazy_yiuf_cottage, uniq_robin
D:3:      layout_basic, nicolae_uskayaw_murder_on_the_dancefloor,
          serial_corexii_hall, corexii_hall_statues_x, corexii_hall_statues_t,
          chequers_hall_statues_y, corexii_hall_statues_s,
          corexii_hall_statues_i, corexii_hall_statues_x, minmay_misc_feat_alley
D:4:      layout_rooms, elyvilon_altar_3, mainiacjoe_overflow_brackets,
          serial_shops, nicolae_shop_rolling_square, lightli_sewer_entry_pipes,
          grunt_ministairs_4
D:5:      layout_basic, nicolae_overflow_crystal_walls, old_standard_altar,
          serial_glass, glass_columns_b, glass_columns_b
D:6:      layout_gridville
D:7:      layout_loops_ring, lemuel_doored_altar, kennysheep_mini,
          minmay_temple_entry_glassed_door, uniq_menkaure
D:8:      corexii_shack_village, layout_basic
D:9:      layout_cave_pools, serial_bayou, serial_bayou_lagoon_a,
          serial_bayou_pond_d, serial_bayou_ford_a, serial_bayou_shore_a
D:10:     cheibrodos_iron_armory, layout_basic, zin_purify
D:11:     layout_basic, hellmonk_lair_entry_icy,
          kennysheep_orc_monster_closet_entryway, ebering_ghost_inner_flame,
          nrook_mini_vaults, grunt_tough_drop, uniq_maurice, uniq_snorg
D:12:     minmay_bad_star, layout_rooms, serial_shops, nicolae_take_the_stairs,
          nicolae_gozag_seed_capital
Temple:   nicolae_temple_bog_church

Skill      XL: |  1  2  3  4  5  6  7  8  9 10 11 |
---------------+----------------------------------+-----
Ranged Weapons | 3 4 5 6 8 12 16 17 18 | 18.0
Fighting       | 1 2 |  2.0
Spellcasting   | 2 3 4 5 6 8 10 | 10.1
Armour         | 1 2 |  2.0
Dodging        | 3 4 6 7 |  7.4
Hexes          | 5 6 8 10 | 10.1
Evocations     | 2 3 4 |  4.0

Action                     |  1- 3 |  4- 6 |  7- 9 | 10-12 || total
---------------------------+-------+-------+-------+-------++-------
   Fire: Sling             |   134 |   282 |   261 |       ||   677
         Shortbow          |       |       |    72 |   287 ||   359
   Cast: Slow              |    11 |    44 |   126 |    95 ||   276
         Inner Flame       |       |     7 |    68 |    84 ||   159
         Portal Projectile |       |       |     3 |     1 ||     4
 Invoke: Recall Ancestor   |       |       |       |     7 ||     7
         Ancestor Identity |       |       |       |     1 ||     1
  Evoke: Wand              |       |       |       |     1 ||     1
    Use: Scroll            |       |       |     7 |     6 ||    13
         Potion            |       |       |       |     6 ||     6
 Armour: Robe              |    16 |    19 |    11 |       ||    46
         Steam dragon scal |       |       |    21 |    35 ||    56
  Dodge: Dodged            |    58 |    72 |   105 |   153 ||   388
         Repelled          |       |       |       |     3 ||     3
